 Dungeon Crawl Stone Soup version 0.19-a0-1626-g5215c36 (webtiles) character file.

104 Amciq the Ruffian (level 4, -2/66 HPs)
             Began as a Troll Monk on Sept 18, 2016.
             Slain by Amciq's ghost (7 damage)
             ... on level 4 of the Dungeon.
             The game lasted 00:09:26 (2292 turns).

Amciq the Ruffian (Troll Monk)                      Turns: 2292, Time: 00:09:27

Health: -2/66      AC: 22    Str: 19    XL:     4   Next: 52%
Magic:  3/3        EV:  1    Int:  6    God:
Gold:   119        SH:  0    Dex: 13    Spells: 0 memorised, 3 levels left

rFire  . . .     SeeInvis .       - Unarmed
rCold  . . .     Gourm    +     (armour currently unavailable)
rNeg   + + +     Faith    .     (no shield)
rPois  +         Spirit   .     (helmet currently unavailable)
rElec  .         Dismiss  .     (cloak currently unavailable)
rCorr  .         Reflect  .     (gloves unavailable)
MR     .....     Harm     .     (boots unavailable)
Stlth  ++........ NoTele   +    (no amulet)
                                h - -3 ring of evasion (curse)
                                (no ring)

@: tree-form (expiring)
A: unfitting armour, (claws 0), fast metabolism 3, gourmand, regeneration 1,
(shaggy fur 0), (tough skin 0)
a: no special abilities


You were on level 4 of the Dungeon.
You were not hungry.
You were a tree.
You visited 1 branch of the dungeon, and saw 4 of its levels.

You collected 119 gold pieces.

Inventory:

Missiles
 e - 144 stones (quivered)
Armour
 a - a +0 robe (melded)
Jewellery
 h - a cursed -3 ring of evasion (right branch)
Scrolls
 d - 3 scrolls of teleportation
 f - 3 scrolls of enchant weapon
 i - 2 scrolls of identify
 j - a scroll of enchant armour {unknown}
 n - a scroll of immolation {unknown}
 q - 2 scrolls of noise
Potions
 c - a potion of cancellation
 l - 3 potions of curing
 m - a potion of brilliance
 o - 2 potions of lignification
Comestibles
 b - 4 bread rations
 k - a slice of pizza
 p - 4 meat rations
 s - 3 fruits


   Skills:
 + Level 2.7 Fighting
 + Level 1.2 Throwing
 + Level 1.2 Armour
 + Level 3.0 Dodging
 - Level 1.1 Stealth
 * Level 3.7 Unarmed Combat


You had 3 spell levels left.
You didn't know any spells.

Dungeon Overview and Level Annotations

Branches:
Dungeon (4/15)
 Temple: D:4-7

Altars:
Elyvilon
Fedhas
Gozag
Ru
Sif Muna
Xom

Annotations:
D:4 Amciq's ghost, amateur TrMo


Innate Abilities, Weirdness & Mutations

You are too large for most types of armour.
((You have claws for hands.))
Your metabolism is lightning-fast.
You like to eat raw meat.
Your natural rate of healing is unusually fast.
((You are covered in fur. (AC +1)))
((You have very tough skin. (AC +2)))


Message History

Amciq's ghost hits you.
* * * LOW HITPOINT WARNING * * *
You barely miss Amciq's ghost.
Amciq's ghost is severely damaged.
Amciq's ghost hits you but does no damage.
You hit Amciq's ghost.
Amciq's ghost is severely damaged.
Amciq's ghost hits you.
* * * LOW HITPOINT WARNING * * *
You barely miss Amciq's ghost.
Amciq's ghost is severely damaged.
Your transformation is almost over.
Amciq's ghost hits you but does no damage.
You smack Amciq's ghost!
Amciq's ghost is almost destroyed.
Amciq's ghost hits you but does no damage.
You barely miss Amciq's ghost.
Amciq's ghost is almost destroyed.
Amciq's ghost hits you!
You die...

..... ....#.# (...#.#
....... # ....#.. ..
.....## #.. ......###...
#########
..........#..###.....?..
....W.# #.......♣W......
......# #####..........
......# ######.#........
......##.......#......(.
....#...................
..........#....#........
............##..........
..........########..##..
..........# ...


You could see Amciq's ghost.

Vanquished Creatures
  A worker ant (D:4)
  An adder (D:3)
  A worm (D:2)
  3 leopard geckos
  5 orcs (D:3)
  2 ball pythons
  4 giant cockroaches
  8 goblins
  10 hobgoblins
  3 jackals (D:1)
  5 kobolds
  3 quokkas
  3 bats
  5 frilled lizards
  A rat (D:1)
55 creatures vanquished.

Notes
Turn   | Place    | Note
-------+----------+-------------------------------------------
     0 | D:1      | Amciq the Troll Monk began the quest for the Orb.
     0 | D:1      | Reached XP level 1. HP: 22/22 MP: 0/0
   172 | D:1      | Reached XP level 2. HP: 29/29 MP: 1/1
   612 | D:2      | Found a shimmering altar of Xom.
   612 | D:2      | Found a white marble altar of Elyvilon.
   613 | D:2      | Found a sacrificial altar of Ru.
   672 | D:2      | Reached XP level 3. HP: 36/36 MP: 2/2
   812 | D:2      | You fall through a shaft for 2 floors!
   818 | D:4      | Reached skill level 1 in Armour
   829 | D:4      | Noticed Amciq's ghost (amateur TrMo)
   871 | D:3      | Found a blossoming altar of Fedhas.
  1782 | D:3      | Reached skill level 1 in Throwing
  1823 | D:3      | Reached XP level 4. HP: 44/44 MP: 3/3
  1939 | D:3      | Found a deep blue altar of Sif Muna.
  1939 | D:3      | Found an opulent altar of Gozag.
  1943 | D:3      | Found a blossoming altar of Fedhas.
  2289 | D:4      | HP: 3/66 [Amciq's ghost (5)]
  2292 | D:4      | Slain by Amciq's ghost

Vault maps used:
D:1:      wheals_arrival_linesprint, feat_on_display
D:2:      grunt_temple_overflow_open, first_bread
D:3:      nicolae_overflow_hidden_temple, fedhas_altar_1
D:4:      tso_altar

Skill      XL: |  1  2  3  4 |
---------------+-------------+-----
Armour         | 1 |  1.2
Throwing       | 1 |  1.2
Dodging        | 3 |  3.0
Fighting       | |  2.7
Stealth        | |  1.1
Unarmed Combat | |  3.7

Action                   |  1- 3 |  4- 6 || total
-------------------------+-------+-------++-------
Melee: Unarmed           |   112 |    46 ||   158
       Punch             |     3 |       ||     3
  Use: Scroll            |       |     9 ||     9
       Potion            |       |     1 ||     1
 Stab: Sleeping          |     1 |       ||     1
  Eat: Chunk             |    18 |     1 ||    19
Armor: Robe              |    31 |     8 ||    39
       Skin              |       |     7 ||     7
Dodge: Dodged            |    54 |     8 ||    62
